[Event "FIDE WCCC Girls-10 2024"]
[Site "Montesilvano"]
[Date "2024.11.22"]
[Round "7.16"]
[White "Rzadkowska, Lila"]
[Black "Mukhorina, Mariya Dm"]
[Result "0-1"]
[Annotator "NA RC"]
[ECO "A58"]
[WhiteElo "1765"]
[BlackElo "1567"]
[PlyCount "115"]
[EventDate "2024.11.18"]
[EventType "swiss"]
[EventCountry "ITA"]
[SourceTitle "playchess.com"]
[Source "ChessBase"]
[SourceQuality "1"]
[TimeControl "5400+30"]

1. d4 Nf6 2. c4 c5 3. d5 b5 4. cxb5 a6 5. bxa6 g6 6. Nc3 Bg7 7. e4 O-O 8. Nf3 Qa5 9. Bd2 Bxa6 10. Bxa6 Qxa6 11. Qe2 d6 12. Qxa6 Nxa6 13. O-O Nc7 14. Be3 Rfb8 15. Rab1 Nb5 16. Nd2 Nxc3 17. bxc3 Nd7 18. c4 Rxa2 19. Rxb8+ Nxb8 20. Rb1 Ra1 21. Rxa1 Bxa1 22. Kf1 Nd7 23. Bf4 Bc3 24. Ke2 Kg7 25. f3 h6 26. Kd3 Bxd2 27. Kxd2 g5 28. Bg3 Kg6 29. Ke3 f5 30. f4 Nb6 31. exf5+ Kxf5 32. fxg5 Nxc4+ 33. Kd3 Ne5+ 34. Kc3 hxg5 35. h3 Ke4 36. h4 gxh4 37. Bxh4 Ng6 38. Bg5 Kxd5 39. Bd2 Ke4 40. g4 d5 41. g5 e5 42. Be1 Kf3 43. Bd2 e4 44. Be1 e3 45. Kd3 Nf4+ 46. Kc2 d4 47. Kd1 d3 48. Bh4 e2+ 49. Kd2 c4 50. Be1 Kg4 51. Kc3 Kxg5 52. Kxc4 Kg4 53. Kc3 Kf3 54. Kd4 Ng2 55. Bd2 e1=Q 56. Bxe1 Nxe1 57. Kc3 Ke2 58. Kd4 0-1

[Event "FIDE WCCC Girls-10 2024"]
[Site "Montesilvano"]
[Date "2024.11.22"]
[Round "7.17"]
[White "Blakhina Viktoryia"]
[Black "Bakhshi, Rana"]
[Result "0-1"]
[Annotator "NA RC"]
[ECO "D00"]
[WhiteElo "1436"]
[BlackElo "1727"]
[PlyCount "72"]
[EventDate "2024.11.18"]
[EventType "swiss"]
[EventCountry "ITA"]
[SourceTitle "playchess.com"]
[Source "ChessBase"]
[SourceQuality "1"]
[TimeControl "5400+30"]

1. d4 d5 2. e4 dxe4 3. Nc3 Nf6 4. f3 exf3 5. Nxf3 Bg4 6. h3 Bh5 7. g4 Bg6 8. Ne5 e6 9. h4 Nbd7 10. Nxd7 Qxd7 11. Bg2 h5 12. Bxb7 Rb8 13. Bf3 hxg4 14. Bxg4 Nxg4 15. Qxg4 Bxc2 16. Rh2 Bf5 17. Qg1 g6 18. Bf4 Bg7 19. O-O-O Qc6 20. h5 a5 21. h6 Bf8 22. Qg3 Rh7 23. Bxc7 Rc8 24. Bf4 a4 25. Bd2 Bd6 26. Bf4 Bf8 27. Bd2 a3 28. Re1 axb2+ 29. Kxb2 Bd6 30. Qf2 Rb8+ 31. Ka1 Qb6 32. Be3 Bxh2 33. Qxh2 Qb4 34. Rc1 f6 35. d5 Qxc3+ 36. Rxc3 Rb1# 0-1

[Event "FIDE WCCC Girls-10 2024"]
[Site "Montesilvano"]
[Date "2024.11.22"]
[Round "7.18"]
[White "Trzcinska, Weronika"]
[Black "Stoica, Melina-Theodora"]
[Result "1-0"]
[Annotator "NA RC"]
[ECO "B13"]
[WhiteElo "1653"]
[BlackElo "1675"]
[PlyCount "120"]
[EventDate "2024.11.18"]
[EventType "swiss"]
[EventCountry "ITA"]
[SourceTitle "playchess.com"]
[Source "ChessBase"]
[SourceQuality "1"]
[TimeControl "5400+30"]

1. e4 c6 2. Nf3 d5 3. exd5 cxd5 4. d4 Nf6 5. Bb5+ Bd7 6. Bxd7+ Nbxd7 7. O-O e6 8. c3 Bd6 9. Nbd2 O-O 10. Nb3 Qc7 11. h3 Ne4 12. Ng5 Ndf6 13. Nxe4 Nxe4 14. Nd2 f5 15. Nxe4 fxe4 16. f3 Bh2+ 17. Kh1 Qg3 18. Be3 exf3 19. Rxf3 Rxf3 20. Qxf3 Qxf3 21. gxf3 Bd6 22. Re1 Rf8 23. Kg2 Rf6 24. Kf2 Rg6 25. Rg1 Rxg1 26. Kxg1 Kf7 27. Kg2 Kg6 28. b3 b5 29. Kf2 Kf5 30. Ke2 Bf4 31. Bf2 Bd6 32. Be3 a6 33. Kd3 Bf4 34. Bf2 Bd6 35. Be3 Kg6 36. c4 Kh5 37. c5 Bc7 38. Bf2 Kg5 39. Ke3 Kf5 40. Ke2 Kf4 41. Bh4 g5 42. Be1 h6 43. Kf2 e5 44. Kg2 Ke3 45. Bf2+ Kd3 46. dxe5 Bxe5 47. c6 Bc7 48. Bg3 Bb6 49. c7 Bxc7 50. Bxc7 d4 51. Be5 Ke3 52. Bg7 d3 53. Bxh6 Kf4 54. Kf2 d2 55. Ke2 d1=Q+ 56. Kxd1 Kxf3 57. Bxg5 Kg3 58. h4 Kg4 59. Kd2 Kh5 60. Kd3 Kg4 1-0

[Event "FIDE WCCC Girls-10 2024"]
[Site "Montesilvano"]
[Date "2024.11.22"]
[Round "7.19"]
[White "Constantin-Ciuntu, Anne-Sophie"]
[Black "Kuvandikova, Nafisa"]
[Result "0-1"]
[Annotator "NA RC"]
[ECO "A46"]
[WhiteElo "1672"]
[BlackElo "1512"]
[PlyCount "95"]
[EventDate "2024.11.18"]
[EventType "swiss"]
[EventCountry "ITA"]
[SourceTitle "playchess.com"]
[Source "ChessBase"]
[SourceQuality "1"]
[TimeControl "5400+30"]

1. d4 c5 2. e3 Nf6 3. Nf3 e6 4. Bd3 a6 5. a4 d5 6. c3 c4 7. Bc2 Bd6 8. Nbd2 Nc6 9. O-O O-O 10. e4 dxe4 11. Nxe4 Nxe4 12. Bxe4 Na5 13. Bc2 b6 14. Re1 Bb7 15. Ne5 Qf6 16. Qh5 g6 17. Qg4 Rac8 18. Bg5 Qg7 19. Nd7 f5 20. Nf6+ Rxf6 21. Bxf6 Qxf6 22. Qe2 Re8 23. Rad1 Bd5 24. h3 Nc6 25. Rb1 e5 26. b3 b5 27. b4 Re7 28. dxe5 Bxe5 29. Qd1 Be6 30. Qf3 Bf7 31. Re3 Rc7 32. g3 f4 33. gxf4 Bxf4 34. Re4 Bh2+ 35. Kg2 Qxf3+ 36. Kxf3 Bd5 37. Rh1 Bxe4+ 38. Kxe4 Be5 39. Kd5 Bxc3 40. Kd6 Be5+ 41. Kc5 Nd4+ 42. Kd5 Nxc2 43. Kxe5 Nxb4 44. axb5 axb5 45. f3 c3 46. Kd4 c2 47. Rc1 Na2 48. Ra1 0-1

[Event "FIDE WCCC Girls-10 2024"]
[Site "Montesilvano"]
[Date "2024.11.22"]
[Round "7.20"]
[White "Rosset, Anna"]
[Black "Zhang, Weiai"]
[Result "0-1"]
[Annotator "NA RC"]
[ECO "B52"]
[WhiteElo "1814"]
[BlackElo "1488"]
[PlyCount "106"]
[EventDate "2024.11.18"]
[EventType "swiss"]
[EventCountry "ITA"]
[SourceTitle "playchess.com"]
[Source "ChessBase"]
[SourceQuality "1"]
[TimeControl "5400+30"]

1. e4 c5 2. Nf3 d6 3. Bb5+ Bd7 4. Bxd7+ Qxd7 5. O-O Nc6 6. c3 Nf6 7. Qe2 e6 8. d4 cxd4 9. cxd4 Be7 10. Nc3 O-O 11. Bf4 Rac8 12. d5 exd5 13. exd5 Nb4 14. Rfd1 Rfe8 15. a3 Na6 16. Rac1 Bf8 17. Qd3 Nc5 18. Qb5 Qf5 19. Bg3 a6 20. Qb4 Nh5 21. Nh4 Qd7 22. Nf3 Nxg3 23. hxg3 g6 24. Qh4 Bg7 25. Kh2 Nb3 26. Rb1 Qf5 27. Qb4 Nc5 28. g4 Qd7 29. g5 Re7 30. Rh1 f5 31. Kg1 Nd3 32. Qh4 Bxc3 33. bxc3 Re4 34. Qh6 Rxc3 35. Nh4 Ne5 36. f3 Nf7 37. fxe4 Nxh6 38. gxh6 fxe4 39. Rf1 e3 40. Nxg6 Rc8 41. Nf4 Qg4 42. Rh3 e2 43. Nxe2 Qxe2 44. Rg3+ Kh8 45. Rgf3 Rg8 46. R1f2 Qd1+ 47. Kh2 Qxd5 48. Kg1 Qg5 49. Rf6 Qc1+ 50. Kh2 Qxa3 51. Rf7 b5 52. R2f3 Qb4 53. Rd7 Qg4 0-1

[Event "FIDE WCCC Girls-10 2024"]
[Site "Montesilvano"]
[Date "2024.11.22"]
[Round "7.21"]
[White "Samhita Pungavanam"]
[Black "Macchia-Shahar, Yali"]
[Result "1-0"]
[Annotator "NA RC"]
[ECO "B22"]
[WhiteElo "1752"]
[BlackElo "1564"]
[PlyCount "77"]
[EventDate "2024.11.18"]
[EventType "swiss"]
[EventCountry "ITA"]
[SourceTitle "playchess.com"]
[Source "ChessBase"]
[SourceQuality "1"]
[TimeControl "5400+30"]

1. e4 c5 2. Nf3 e6 3. c3 d5 4. exd5 Qxd5 5. Na3 Nf6 6. d4 Be7 7. Nb5 Qd8 8. Bf4 Nd5 9. Bg3 cxd4 10. Nbxd4 O-O 11. Bd3 Nd7 12. O-O N7f6 13. Qc2 h6 14. Rad1 Nh5 15. a3 Nxg3 16. hxg3 Qc7 17. Nb5 Qb8 18. Rfe1 Bf6 19. c4 Nb6 20. c5 Nd5 21. Be4 Ne7 22. Nd6 Qc7 23. Rd2 Rb8 24. Red1 Nc6 25. b4 Rd8 26. Bh7+ Kf8 27. Ne4 Rxd2 28. Qxd2 Be7 29. Nd6 Bd7 30. Nb5 Qd8 31. Qxd7 Qxd7 32. Rxd7 g6 33. Nd6 Kg7 34. b5 Bxd6 35. bxc6 Bxc5 36. Ne5 Kxh7 37. cxb7 Bd6 38. Nc6 Re8 39. Rxd6 1-0

[Event "FIDE WCCC Girls-10 2024"]
[Site "Montesilvano"]
[Date "2024.11.22"]
[Round "7.22"]
[White "Nguyen, Lam Vy Le"]
[Black "Kravchuk, Daria"]
[Result "1/2-1/2"]
[Annotator "NA RC"]
[ECO "B26"]
[WhiteElo "1728"]
[BlackElo "1569"]
[PlyCount "75"]
[EventDate "2024.11.18"]
[EventType "swiss"]
[EventCountry "ITA"]
[SourceTitle "playchess.com"]
[Source "ChessBase"]
[SourceQuality "1"]
[TimeControl "5400+30"]

1. e4 c5 2. Nc3 Nc6 3. g3 g6 4. Bg2 Bg7 5. d3 Rb8 6. Be3 d6 7. Nge2 b5 8. Qd2 b4 9. Nd1 e6 10. O-O Nge7 11. d4 cxd4 12. Nxd4 O-O 13. Nxc6 Nxc6 14. Bf4 Ba6 15. Re1 e5 16. Be3 Qd7 17. f3 Bc4 18. Nf2 Rfd8 19. Rad1 Qc7 20. b3 Be6 21. Bh3 d5 22. Bxe6 fxe6 23. Bg5 Nd4 24. Bxd8 Nxf3+ 25. Kg2 Nxe1+ 26. Rxe1 Rxd8 27. Qe2 d4 28. Qd2 a5 29. h4 Rc8 30. Re2 Rf8 31. Nd3 Qc6 32. Qg5 Qc3 33. Qd2 Qa1 34. Rf2 Qxa2 35. Rxf8+ Kxf8 36. Qd1 Ke7 37. Nc5 Bh6 38. Qd3 1/2-1/2

[Event "FIDE WCCC Girls-10 2024"]
[Site "Montesilvano"]
[Date "2024.11.22"]
[Round "7.23"]
[White "Wang, Mi Ya Mia"]
[Black "Tu, Tiffany"]
[Result "1/2-1/2"]
[Annotator "NA RC"]
[ECO "C54"]
[WhiteElo "1552"]
[BlackElo "1687"]
[PlyCount "94"]
[EventDate "2024.11.18"]
[EventType "swiss"]
[EventCountry "ITA"]
[SourceTitle "playchess.com"]
[Source "ChessBase"]
[SourceQuality "1"]
[TimeControl "5400+30"]

1. e4 e5 2. Nf3 Nc6 3. Bc4 Nf6 4. d3 Bc5 5. c3 a6 6. a4 d6 7. Na3 Ba7 8. Nc2 O-O 9. Be3 Be6 10. Bxe6 fxe6 11. Bxa7 Rxa7 12. Ne3 d5 13. exd5 exd5 14. O-O Qd7 15. Nd2 Raa8 16. Nb3 Qd6 17. g3 Rae8 18. Ng2 Qe6 19. Ne3 Qh3 20. Qf3 d4 21. cxd4 exd4 22. Nc2 Ng4 23. Qg2 Qxg2+ 24. Kxg2 Re2 25. Nbxd4 Nxd4 26. Nxd4 Rxb2 27. Rab1 Rbxf2+ 28. Rxf2 Rxf2+ 29. Kg1 Ra2 30. Rxb7 Rxa4 31. Ne6 Ra1+ 32. Kg2 Ra2+ 33. Kg1 Nxh2 34. Rxc7 Nf3+ 35. Kf1 g6 36. Rg7+ Kh8 37. Rf7 Nh2+ 38. Kg1 h5 39. Rf8+ Kh7 40. Rf7+ Kh8 41. Rf8+ Kh7 42. Rf7+ Kg8 43. Rf8+ Kh7 44. Rf7+ Kh6 45. Rf8 Kh7 46. Rf7+ Kh6 47. Rf8 Kh7 1/2-1/2

[Event "FIDE WCCC Girls-10 2024"]
[Site "Montesilvano"]
[Date "2024.11.22"]
[Round "7.24"]
[White "Mandukhai, Munkhbat"]
[Black "Minasyan, Arina"]
[Result "1-0"]
[Annotator "NA RC"]
[ECO "B21"]
[WhiteElo "1645"]
[BlackElo "1545"]
[PlyCount "59"]
[EventDate "2024.11.18"]
[EventType "swiss"]
[EventCountry "ITA"]
[SourceTitle "playchess.com"]
[Source "ChessBase"]
[SourceQuality "1"]
[TimeControl "5400+30"]

1. e4 c5 2. d4 cxd4 3. c3 dxc3 4. Nxc3 d6 5. Bc4 Nf6 6. e5 dxe5 7. Bxf7+ Kxf7 8. Qxd8 Nc6 9. Qd1 Bf5 10. Nf3 Rd8 11. Qb3+ e6 12. Qxb7+ Ne7 13. Nxe5+ Kg8 14. O-O Bg6 15. Bg5 Ned5 16. Nxd5 Rxd5 17. Bxf6 gxf6 18. Nd7 Rf5 19. Rac1 h6 20. Nxf8 Bf7 21. Rc8 Kg7 22. Nxe6+ Kg6 23. Rxh8 Rh5 24. Nf4+ Kg5 25. Nxh5 Bxh5 26. f4+ Kh4 27. Rxh6 f5 28. Rxh5+ Kxh5 29. Qg7 a6 30. Qg5# 1-0

[Event "FIDE WCCC Girls-10 2024"]
[Site "Montesilvano"]
[Date "2024.11.22"]
[Round "7.25"]
[White "Aragonda, Sahasra"]
[Black "Sun, Yucan(Sd)"]
[Result "0-1"]
[Annotator "NA"]
[ECO "D04"]
[WhiteElo "1526"]
[BlackElo "1725"]
[PlyCount "58"]
[EventDate "2024.11.18"]
[EventType "swiss"]
[EventCountry "ITA"]
[SourceTitle "playchess.com"]
[Source "ChessBase"]
[SourceQuality "1"]
[TimeControl "5400+30"]

1. d4 Nf6 2. Nf3 d5 3. e3 g6 4. b3 Bg7 5. Bb2 O-O 6. Nbd2 b6 7. Be2 c5 8. dxc5 bxc5 9. O-O Bf5 10. Ne5 Nfd7 11. Nxd7 Nxd7 12. Bxg7 Kxg7 13. Nf3 Nb6 14. Qd2 Qd6 15. Rad1 e5 16. Qc3 d4 17. exd4 cxd4 18. Qa5 f6 19. Qd2 Qc5 20. Rc1 Rfd8 21. b4 Qc6 22. Rfd1 Nd5 23. a3 Nc3 24. Re1 Rac8 25. Nh4 Be6 26. Nf3 Qa4 27. h3 Qxa3 28. Ra1 Ba2 29. Bd3 Qxb4 0-1

[Event "FIDE WCCC Girls-10 2024"]
[Site "Montesilvano"]
[Date "2024.11.22"]
[Round "7.26"]
[White "Poliak, Margarita"]
[Black "Mohamed Ahmed, Ghidaa"]
[Result "1/2-1/2"]
[Annotator "NA RC"]
[ECO "C41"]
[WhiteElo "1514"]
[BlackElo "1638"]
[PlyCount "44"]
[EventDate "2024.11.18"]
[EventType "swiss"]
[EventCountry "ITA"]
[SourceTitle "playchess.com"]
[Source "ChessBase"]
[SourceQuality "1"]
[TimeControl "5400+30"]

1. e4 e5 2. Nf3 d6 3. d4 exd4 4. Nxd4 Nf6 5. Nc3 Be7 6. g3 a6 7. Bg2 h6 8. O-O O-O 9. a4 Re8 10. b3 Nbd7 11. Bb2 Nf8 12. h3 Ng6 13. Nf5 Bf8 14. Nd5 Nxd5 15. Qxd5 c6 16. Qd4 Bxf5 17. exf5 Ne5 18. Rfe1 Nd7 19. Red1 Qf6 20. Qxf6 Nxf6 21. c4 Rad8 22. Rd2 Nd7 1/2-1/2

[Event "FIDE WCCC Girls-10 2024"]
[Site "Montesilvano"]
[Date "2024.11.22"]
[Round "7.27"]
[White "Abibulla, Inzhu"]
[Black "Li, Wan Qin"]
[Result "0-1"]
[Annotator "NA RC"]
[ECO "B30"]
[WhiteElo "1499"]
[BlackElo "1628"]
[PlyCount "100"]
[EventDate "2024.11.18"]
[EventType "swiss"]
[EventCountry "ITA"]
[SourceTitle "playchess.com"]
[Source "ChessBase"]
[SourceQuality "1"]
[TimeControl "5400+30"]

1. e4 c5 2. Nc3 Nc6 3. Nf3 e5 4. Bc4 Be7 5. O-O Nf6 6. d3 h6 7. h3 d6 8. Be3 a6 9. a4 O-O 10. Ne2 Nd4 11. Ng3 Qb6 12. Rb1 Bd7 13. b3 Qc7 14. Bd5 Nxd5 15. exd5 f5 16. Bd2 f4 17. Ne4 Nf5 18. Nh2 b5 19. axb5 axb5 20. c4 b4 21. Nf3 Kh7 22. Nh2 Nd4 23. Nf3 Nxf3+ 24. Qxf3 Bf5 25. Qe2 Qd7 26. Kh2 Bg6 27. Rg1 Ra2 28. Qd1 Bh4 29. f3 Bxe4 30. dxe4 Qf7 31. Be1 Bg3+ 32. Kh1 Qh5 33. Rf1 Qg5 34. Bd2 Rfa8 35. Qc1 Bh4 36. Qd1 Qg3 37. Rg1 Qg5 38. Qc1 Bf2 39. Rf1 Be3 40. Rd1 Bd4 41. Re1 Qg3 42. Re2 Ra1 43. Be1 Qg6 44. Kh2 Rxb1 45. Qxb1 Ra1 46. Qc2 Rxe1 47. Rxe1 Qg3+ 48. Kh1 Qxe1+ 49. Kh2 Bg1+ 50. Kh1 Bf2+ 0-1

[Event "FIDE WCCC Girls-10 2024"]
[Site "Montesilvano"]
[Date "2024.11.22"]
[Round "7.28"]
[White "Afandi, Sadagul"]
[Black "Sobirova, Mumtozbegim"]
[Result "1-0"]
[Annotator "NA RC"]
[ECO "B47"]
[WhiteElo "1625"]
[BlackElo "1476"]
[PlyCount "101"]
[EventDate "2024.11.18"]
[EventType "swiss"]
[EventCountry "ITA"]
[SourceTitle "playchess.com"]
[Source "ChessBase"]
[SourceQuality "1"]
[TimeControl "5400+30"]

1. e4 c5 2. Nf3 e6 3. d4 cxd4 4. Nxd4 Nc6 5. Nc3 Qc7 6. g3 Nf6 7. Bg2 Nxd4 8. Qxd4 Bc5 9. Qd3 a6 10. O-O O-O 11. Bg5 Ng4 12. h3 Ne5 13. Qe2 Ng6 14. Be3 Bxe3 15. Qxe3 Ne5 16. b3 b5 17. f4 Nc6 18. e5 Bb7 19. Qc5 Rac8 20. Ne4 Na5 21. Qxc7 Rxc7 22. Rf2 Bxe4 23. Bxe4 Nc6 24. Rd2 Rd8 25. a3 Na7 26. Rd6 Nc6 27. Rad1 Nb8 28. R1d2 Rc3 29. R6d3 Rxd3 30. Rxd3 f5 31. Bb7 Kf7 32. Kf2 Ke7 33. Rd6 g6 34. Ke3 h6 35. Kd4 g5 36. Kc5 Kf7 37. Kb6 Ke7 38. Rd3 g4 39. h4 h5 40. Bxa6 Nxa6 41. Kxa6 Rc8 42. Kxb5 Rxc2 43. a4 Rf2 44. Kc4 Kd8 45. b4 Rc2+ 46. Rc3 Re2 47. b5 Ra2 48. Kb3 Rf2 49. b6 Rf3 50. a5 Rxc3+ 51. Kxc3 1-0

[Event "FIDE WCCC Girls-10 2024"]
[Site "Montesilvano"]
[Date "2024.11.22"]
[Round "7.29"]
[White "Foong, Livia"]
[Black "Xin, Lisa J."]
[Result "0-1"]
[Annotator "NA RC"]
[ECO "D02"]
[WhiteElo "1461"]
[BlackElo "1602"]
[PlyCount "108"]
[EventDate "2024.11.18"]
[EventType "swiss"]
[EventCountry "ITA"]
[SourceTitle "playchess.com"]
[Source "ChessBase"]
[SourceQuality "1"]
[TimeControl "5400+30"]

1. d4 d5 2. Nf3 Nf6 3. Bf4 c5 4. e3 e6 5. Be2 Nc6 6. O-O Be7 7. c4 O-O 8. Nc3 b6 9. Ne5 Bb7 10. Qc2 cxd4 11. Nxc6 Bxc6 12. exd4 dxc4 13. Be5 b5 14. a4 a6 15. axb5 axb5 16. Bf3 Bxf3 17. gxf3 Qb6 18. b3 cxb3 19. Qxb3 b4 20. Rab1 Qc6 21. Na2 Ra3 22. Nxb4 Qxf3 23. Qxf3 Rxf3 24. Nc6 Ba3 25. Rb5 Nd5 26. Ra1 h6 27. Ra5 Bb2 28. R1a2 Bc3 29. R5a3 Rd3 30. Bd6 Re8 31. Nb4 Rd1+ 32. Kg2 Bxb4 33. Bxb4 Nxb4 34. Rb2 Rxd4 35. Ra4 Nc6 36. Ra6 Rb8 37. Re2 Ne7 38. Ra7 Nf5 39. Kf1 Rbb4 40. Ra8+ Kh7 41. Ra1 Rh4 42. f3 Ng3+ 43. hxg3 Rh1+ 44. Kg2 Rxa1 45. Rf2 Rab1 46. g4 R4b2 47. Rxb2 Rxb2+ 48. Kg3 Kg6 49. Kf4 Rb4+ 50. Kg3 Kg5 51. Kh3 Kf4 52. Kh4 Kxf3 53. Kh5 Kg3 54. g5 Rh4# 0-1

[Event "FIDE WCCC Girls-10 2024"]
[Site "Montesilvano"]
[Date "2024.11.22"]
[Round "7.30"]
[White "Billod-Laillet, Camille"]
[Black "Li, Grace"]
[Result "1-0"]
[Annotator "NA RC"]
[ECO "C50"]
[WhiteElo "1732"]
[BlackElo "1529"]
[PlyCount "47"]
[EventDate "2024.11.18"]
[EventType "swiss"]
[EventCountry "ITA"]
[SourceTitle "playchess.com"]
[Source "ChessBase"]
[SourceQuality "1"]
[TimeControl "5400+30"]

1. e4 e5 2. Nf3 Nc6 3. Bc4 Bc5 4. Nc3 Nf6 5. d3 a6 6. a3 d6 7. Bg5 h6 8. Bh4 Be6 9. Nd5 Bxd5 10. Bxd5 Rb8 11. Ba2 g5 12. Bg3 Ne7 13. c3 c6 14. Qb3 Rh7 15. Qc2 Ba7 16. d4 Nh5 17. O-O-O b5 18. dxe5 Nxg3 19. hxg3 Nc8 20. exd6 Rb7 21. Rd2 f6 22. Qb3 Rh8 23. d7+ Kf8 24. Qf7# 1-0

[Event "FIDE WCCC Girls-10 2024"]
[Site "Montesilvano"]
[Date "2024.11.22"]
[Round "7.31"]
[White "Saltkhutsishvili, Sara"]
[Black "Serradell Munoz, Silvia"]
[Result "1-0"]
[Annotator "NA RC"]
[ECO "B34"]
[WhiteElo "1546"]
[BlackElo "1670"]
[PlyCount "69"]
[EventDate "2024.11.18"]
[EventType "swiss"]
[EventCountry "ITA"]
[SourceTitle "playchess.com"]
[Source "ChessBase"]
[SourceQuality "1"]
[TimeControl "5400+30"]

1. e4 c5 2. Nf3 g6 3. d4 cxd4 4. Nxd4 Bg7 5. Nc3 Nc6 6. Be3 Nf6 7. Nxc6 bxc6 8. e5 Ng8 9. f4 Nh6 10. Be2 O-O 11. O-O d6 12. Bf3 Qc7 13. exd6 exd6 14. Nb5 Qd7 15. Nxd6 Ba6 16. Rf2 Rfd8 17. Ne4 Qb7 18. Rd2 Rxd2 19. Qxd2 Qxb2 20. Rd1 Nf5 21. Bf2 Qxa2 22. g4 Qa3 23. c3 Nh6 24. Qd7 Bxc3 25. Bd4 Bxd4+ 26. Qxd4 Qe7 27. Nf6+ Kf8 28. Nxh7+ Kg8 29. Nf6+ Kf8 30. Qc3 Bc8 31. Bxc6 Rb8 32. Nh7+ Kg8 33. Nf6+ Kf8 34. f5 gxf5 35. g5 1-0

[Event "FIDE WCCC Girls-10 2024"]
[Site "Montesilvano"]
[Date "2024.11.22"]
[Round "7.32"]
[White "Minzat, Victoria"]
[Black "Camacho Chavez, Nirvana"]
[Result "1-0"]
[Annotator "NA RC"]
[ECO "B17"]
[WhiteElo "1505"]
[BlackElo "1638"]
[PlyCount "129"]
[EventDate "2024.11.18"]
[EventType "swiss"]
[EventCountry "ITA"]
[SourceTitle "playchess.com"]
[Source "ChessBase"]
[SourceQuality "1"]
[TimeControl "5400+30"]

1. e4 c6 2. d4 d5 3. Nc3 dxe4 4. Nxe4 Nd7 5. Nf3 Ngf6 6. Bd3 Nxe4 7. Bxe4 Nf6 8. Bd3 Bg4 9. c3 e6 10. h3 Bxf3 11. Qxf3 Be7 12. O-O O-O 13. Re1 Nd5 14. Be4 Bg5 15. Bxg5 Qxg5 16. Bxd5 Qxd5 17. Qxd5 cxd5 18. Re3 Rac8 19. Rb1 Rc6 20. f4 Rfc8 21. Rbe1 g6 22. Rg3 b5 23. a3 a5 24. Rc1 b4 25. axb4 axb4 26. Kf2 bxc3 27. Rgxc3 Rxc3 28. Rxc3 Rxc3 29. bxc3 Kg7 30. g4 Kf6 31. h4 h5 32. Kf3 Ke7 33. g5 Kd6 34. Ke3 Kc6 35. Kd2 Kb6 36. Kc2 Ka5 37. Kb3 Kb5 38. Kc2 Kc4 39. Kd2 Kb5 40. Kd3 Kc6 41. Kc2 Kb6 42. Kb2 Ka5 43. Ka3 Kb5 44. Kb3 Ka5 45. c4 Kb6 46. cxd5 exd5 47. Kb4 Kc6 48. Ka5 Kd7 49. Kb6 Kd6 50. Kb5 Ke6 51. Kc5 Kf5 52. Kxd5 Kxf4 53. Kc6 Kg4 54. d5 Kxh4 55. d6 Kxg5 56. d7 h4 57. d8=Q+ Kg4 58. Qd4+ Kg3 59. Qg1+ Kf4 60. Kd6 g5 61. Ke7 f5 62. Kf6 g4 63. Qf2+ Ke4 64. Qxf5+ Ke3 65. Qxg4 1-0

[Event "FIDE WCCC Girls-10 2024"]
[Site "Montesilvano"]
[Date "2024.11.22"]
[Round "7.33"]
[White "Mamarasulova, Yasmina"]
[Black "Macakova, Bianka"]
[Result "1-0"]
[Annotator "NA RC"]
[ECO "A88"]
[WhiteElo "1444"]
[BlackElo "1610"]
[PlyCount "123"]
[EventDate "2024.11.18"]
[EventType "swiss"]
[EventCountry "ITA"]
[SourceTitle "playchess.com"]
[Source "ChessBase"]
[SourceQuality "1"]
[TimeControl "5400+30"]

1. d4 f5 2. Nf3 Nf6 3. g3 g6 4. Bg2 Bg7 5. O-O O-O 6. b3 d6 7. Bb2 c6 8. c4 Qe8 9. Nc3 e5 10. dxe5 dxe5 11. e4 Na6 12. exf5 Bxf5 13. Re1 Rd8 14. Qe2 Ng4 15. Rad1 Rxd1 16. Rxd1 Rf7 17. h3 Nh6 18. Re1 Re7 19. g4 Bd7 20. Ne4 Nf7 21. Ba3 Re6 22. Nfg5 Nxg5 23. Nxg5 Rf6 24. Qxe5 Qxe5 25. Rxe5 Re6 26. Re1 Rf6 27. Re5 h6 28. Re7 hxg5 29. Rxd7 Rf7 30. Rxf7 Kxf7 31. Kf1 Nc7 32. Bc5 a6 33. Ke2 Ne6 34. Be3 Nf4+ 35. Bxf4 gxf4 36. Kd3 Ke6 37. Ke4 g5 38. f3 Bh6 39. Bf1 c5 40. Bd3 b6 41. a3 a5 42. a4 Bg7 43. h4 Bf6 44. hxg5 Bxg5 45. Bf1 Bh6 46. Bg2 Kf6 47. Kd5 Kg5 48. Kc6 Kh4 49. Bf1 Kg3 50. Be2 Kf2 51. Bd1 Ke1 52. Bc2 Kf2 53. Be4 Ke3 54. Kxb6 Kd4 55. Kxa5 Bf8 56. Kb5 Bd6 57. g5 Kc3 58. a5 Kxb3 59. a6 Bb8 60. g6 Ba7 61. g7 Bb8 62. g8=Q 1-0

[Event "FIDE WCCC Girls-10 2024"]
[Site "Montesilvano"]
[Date "2024.11.22"]
[Round "7.34"]
[White "Milojevic, Dunja"]
[Black "Guerra Mansilla, Maria Ignacia"]
[Result "1-0"]
[Annotator "NA"]
[ECO "E71"]
[WhiteElo "1610"]
[BlackElo "1545"]
[PlyCount "63"]
[EventDate "2024.11.18"]
[EventType "swiss"]
[EventCountry "ITA"]
[SourceTitle "playchess.com"]
[Source "ChessBase"]
[SourceQuality "1"]
[TimeControl "5400+30"]

1. d4 Nf6 2. c4 g6 3. Nc3 Bg7 4. e4 d6 5. h3 O-O 6. Be3 e5 7. d5 c6 8. Bd3 cxd5 9. cxd5 Nbd7 10. g4 Nc5 11. Bc2 b6 12. b4 Ncd7 13. Nge2 Bb7 14. Kf1 Rc8 15. Qd2 Qe7 16. Kg2 Ba6 17. Ng3 Rc7 18. Rac1 Rfc8 19. Bb1 h6 20. f3 Kh7 21. h4 Kg8 22. h5 g5 23. Nf5 Qf8 24. Ne2 Bxe2 25. Qxe2 Rxc1 26. Bxc1 Ne8 27. Be3 Nb8 28. Qd2 Nc7 29. Bxg5 hxg5 30. Qxg5 f6 31. Qg6 Kh8 32. h6 1-0

[Event "FIDE WCCC Girls-10 2024"]
[Site "Montesilvano"]
[Date "2024.11.22"]
[Round "7.35"]
[White "Muradli, Sabira"]
[Black "Tykalova, Barbora"]
[Result "0-1"]
[Annotator "NA RC"]
[ECO "B01"]
[WhiteElo "1430"]
[BlackElo "1596"]
[PlyCount "130"]
[EventDate "2024.11.18"]
[EventType "swiss"]
[EventCountry "ITA"]
[SourceTitle "playchess.com"]
[Source "ChessBase"]
[SourceQuality "1"]
[TimeControl "5400+30"]

1. e4 d5 2. exd5 Qxd5 3. Nc3 Qa5 4. Bc4 c6 5. d3 Nf6 6. Nge2 Bf5 7. a4 e6 8. O-O Bd6 9. Ng3 Bg6 10. Be3 Qc7 11. Bg5 Nbd7 12. Qf3 Ne5 13. Qe2 Nxc4 14. dxc4 h5 15. Bxf6 gxf6 16. Qf3 f5 17. Rfe1 O-O-O 18. h4 Be7 19. Nge2 Bxh4 20. Nf4 Rdg8 21. Rad1 e5 22. Nxg6 fxg6 23. Ne4 Be7 24. Nc3 Bh4 25. Ne4 Be7 26. Nc3 e4 27. Qh3 Qf4 28. Rxe4 Qc7 29. Re6 Kb8 30. Rde1 Bc5 31. R6e5 Qb6 32. Kh1 Bxf2 33. R1e2 Bd4 34. Re6 Qxb2 35. Nd1 Qc1 36. Qg3+ Ka8 37. Qe1 a6 38. c3 Bb6 39. Nb2 Bd4 40. Nd1 Bb6 41. Nb2 Qg5 42. Nd3 h4 43. Re8+ Rxe8 44. Rxe8+ Rxe8 45. Qxe8+ Ka7 46. Qe5 Qd2 47. Ne1 Bf2 48. Nf3 Qd1+ 49. Ne1 Qxe1+ 50. Qxe1 Bxe1 51. Kh2 Bxc3 52. Kh3 g5 53. a5 Bxa5 54. g4 fxg4+ 55. Kxg4 Kb6 56. c5+ Kxc5 57. Kh3 b5 58. Kh2 b4 59. Kh3 b3 60. Kh2 b2 61. Kh3 b1=Q 62. Kh2 Qd3 63. Kg2 Be1 64. Kh1 Qf1+ 65. Kh2 Bg3# 0-1